 Dungeon Crawl Stone Soup version 0.28-a0-1510-gd0f6b136d3 (webtiles) character file.

Game seed: 9261302019274005908

3598 ytrimaz the Slicer (level 9, -3/72 HPs)
             Began as a Demonspawn Fighter on Jan 16, 2022.
             Killed from afar by an acid dragon (20 damage)
             ... with a splash of acid
             ... on level 8 of the Dungeon.
             The game lasted 00:09:10 (7800 turns).

ytrimaz the Slicer (Demonspawn Fighter)             Turns: 7800, Time: 00:09:11

Health: -3/72      AC: 18    Str: 21    XL:     9   Next: 85%
Magic:  9/9        EV: 15    Int: 10    God:
Gold:   384        SH:  9    Dex: 12    Spells: 8/8 levels left

rFire   . . .      SeeInvis .   d - +1 dagger (venom)
rCold   . . .      Faith    .   c - +0 buckler
rNeg    . . .      Spirit   .   i - +5 ring mail
rPois   .          Reflect  .   v - +2 hat
rElec   .          Harm     .   (no cloak)
rCorr   .          Rampage  +   (no gloves)
Will    .....                   q - +2 pair of boots {rampage}
Stlth   +.........              (no amulet)
HPRegen 0.22/turn               (no ring)
MPRegen 0.11/turn               (no ring)

@: agile
A: antennae 1, icy blue scales 1, powered by pain 1, condensation shield
a: no special abilities


You were on level 8 of the Dungeon.
You visited 2 branches of the dungeon, and saw 9 of its levels.

You collected 384 gold pieces.

Inventory:

Hand Weapons
 a - a +1 rapier
 d - a +1 dagger of venom (weapon)
 h - a +0 short sword of freezing
 n - a +0 quick blade
Armour
 c - a +0 buckler (worn)
 i - a +5 ring mail (worn)
 o - a +0 tower shield
 q - a +2 pair of boots of rampaging (worn)
 v - a +2 hat (worn)
Jewellery
 r - a ring of flight
 s - an amulet of faith
 u - a ring of protection from fire
Wands
 k - a wand of mindburst (12)
 t - a wand of iceblast (10)
Scrolls
 l - a scroll of enchant armour
 p - a scroll of fog
Potions
 b - 2 potions of haste
 e - a potion of curing
 f - 3 potions of cancellation
 g - a potion of invisibility {unknown}
 j - a potion of ambrosia {unknown}
 m - a potion of degeneration {unknown}


   Skills:
 + Level 7.0 Fighting
 + Level 9.6 Short Blades
 + Level 6.7 Armour
 - Level 4.0 Shields


You had 8 spell levels left.
You didn't know any spells.
Your spell library contained the following spells:

 Spells                   Type           Power      Damage    Failure   Level
 Animate Skeleton         Necr           0%         N/A       61%         1
 Pain                     Necr           0%         1d4       61%         1
 Tukima's Dance           Hex            0%         N/A       93%         3
 Vampiric Draining        Necr           0%         2d6       93%         3
 Passage of Golubria      Tloc           0%         N/A       100%        4
 Yara's Violent Unravell  Hex/Tmut       0%         3d3       100%        5


Dungeon Overview and Level Annotations

Branches:
Dungeon (8/15)             Temple (1/1) D:4
   Lair: D:8-11

Altars:
Ashenzari
Cheibriados
Dithmenos
Elyvilon
Fedhas
Hepliaklqana
Kikubaaqudgha
Nemelex Xobeh
Okawaru
Qazlal
Sif Muna
Trog
Uskayaw
Wu Jian
Xom
Yredelemnul
The Shining One

Annotations:
D:7 2 transporters, Grum


Innate Abilities, Weirdness & Mutations

You have a pair of small antennae on your head.
You are partially covered in icy blue scales. (AC +2)
You sometimes gain a little power by taking damage.
A meltable shield of frost defends you. (SH +4)


Message History

The acid dragon is heavily wounded.
The acid dragon misses you.
The acid dragon claws you but does no damage.
You hit the acid dragon.
The acid dragon looks as sick as possible!
The acid dragon is heavily wounded.
Unknown command.
You hit the acid dragon but do no damage.
The acid dragon is severely wounded.
The acid dragon barely misses you. You block the acid dragon's attack.
You hit the acid dragon but do no damage.
The acid dragon looks as sick as possible!
The acid dragon is severely wounded.
The orc priest miscasts a cantrip.
You completely miss the acid dragon.
The acid dragon is severely wounded.
The acid dragon bites you but does no damage.
The acid dragon claws you but does no damage.
Unknown command.
You closely miss the acid dragon.
The acid dragon is severely wounded.
You barely miss the acid dragon.
The acid dragon is severely wounded.
The acid dragon spits acid at you. The splash of acid hits you!
You focus on the pain.
You feel more agile all of a sudden.
You hear two shouts!
You hear an angry buzzing noise.
You hit the acid dragon but do no damage.
The acid dragon is severely wounded.
You hit the acid dragon.
The acid dragon is severely wounded.
The acid dragon bites you but does no damage.
The acid dragon barely misses you.
Unknown command.
The orc priest mumbles some strange prayers to Beogh against you.
Beogh smites you!
* * * LOW HITPOINT WARNING * * *
The acid dragon spits acid at you. The splash of acid hits you!!
You die...

### #.. #.#
#.# ##.##
##..<##
#.....#
#####'#
##@## #...#
##D##
#.##.##J##!#
.......†o.o#
#.##.##.##.#
# #.# # ).$
###


You could see an acid dragon (extremely poisoned, catching breath), a jelly and
an orc priest.

Vanquished Creatures
  A boulder beetle (D:7)
  Pikel (D:4)
  Maggie (D:6)
  A spriggan (D:7)
  Menkaure (D:4)
  A water moccasin (D:6)
  An ice beast (D:5)
  A sky beast (D:7)
  2 black bears (D:4)
  3 ogres (D:6)
  2 necrophages
  A centaur (D:7)
  3 scorpions
  A water moccasin zombie (D:5)
  2 howler monkeys
  A centaur zombie (D:7)
  3 hounds
  2 orc priests
  A centaur skeleton (D:4)
  5 orc wizards
  3 iguanas
  2 killer bee zombies
  2 adders
  An ufetubus (D:5)
  An adder zombie (D:5)
  3 worms
  3 dart slugs
  8 orcs
  6 endoplasms
  A giant cockroach (D:3)
  7 goblins
  9 hobgoblins
  5 jackals (D:3)
  3 kobolds
  2 quokkas (D:3)
  3 ball pythons
  3 bats (D:1)
  4 frilled lizards
100 creatures vanquished.

Vanquished Creatures (collateral kills)
  An orc warrior (D:6)
  2 orcs (D:6)
3 creatures vanquished.

Vanquished Creatures (others)
  An orc wizard (D:5)
  5 plants (D:7)
6 creatures vanquished.

Grand Total: 109 creatures vanquished

Notes
Turn   | Place    | Note
-------+----------+-------------------------------------------
     0 | D:1      | ytrimaz the Demonspawn Fighter began the quest for the Orb.
     0 | D:1      | Reached XP level 1. HP: 18/18 MP: 1/1
   274 | D:1      | Gained mutation: A meltable shield of frost defends you.
                  | (SH +4) [demonic ancestry]
   274 | D:1      | Reached XP level 2. HP: 22/24 MP: 2/2
   411 | D:1      | Reached skill level 2 in Short Blades
  1529 | D:3      | Gained mutation: You have a pair of small antennae on your
                  | head. [demonic ancestry]
  1529 | D:3      | Reached XP level 3. HP: 28/29 MP: 3/3
  1896 | D:3      | Reached XP level 4. HP: 34/35 MP: 4/4
  1903 | D:3      | Reached skill level 3 in Short Blades
  2820 | D:4      | Noticed Pikel
  2820 | D:4      | Noticed a lemure
  2820 | D:4      | Noticed a lemure
  2820 | D:4      | Noticed a lemure
  2820 | D:4      | Noticed a lemure
  2834 | D:4      | Killed Pikel
  2835 | D:4      | Reached skill level 5 in Short Blades
  2835 | D:4      | Gained mutation: You are partially covered in icy blue
                  | scales. (AC +2) [demonic ancestry]
  2835 | D:4      | Reached XP level 5. HP: 15/42 MP: 5/5
  2835 | D:4      | Gained mutation: You sometimes gain a little power by
                  | taking damage. [demonic ancestry]
  2835 | D:4      | Reached XP level 6. HP: 18/48 MP: 6/6
  2835 | D:4      | Reached XP level 7. HP: 20/54 MP: 7/7
  2838 | D:4      | Noticed Menkaure
  2850 | D:4      | Killed Menkaure
  2966 | D:4      | Found a sparkling altar of Nemelex Xobeh.
  3092 | D:4      | Reached skill level 6 in Short Blades
  3617 | D:4      | Reached XP level 8. HP: 60/61 MP: 8/8
  3698 | D:4      | Found a staircase to the Ecumenical Temple.
  3781 | Temple   | Entered the Ecumenical Temple
  3940 | D:5      | Entered Level 5 of the Dungeon
  4090 | D:5      | Found an iron altar of Okawaru.
  4108 | D:5      | Found an ancient bone altar of Kikubaaqudgha.
  4254 | D:5      | Found a basalt altar of Yredelemnul.
  4254 | D:5      | Found a stormy altar of Qazlal.
  4673 | D:5      | Reached skill level 5 in Fighting
  4673 | D:5      | Reached skill level 7 in Short Blades
  4673 | D:5      | Reached skill level 5 in Armour
  4682 | D:5      | Found a shadowy altar of Dithmenos.
  4683 | D:5      | Found a hazy altar of Hepliaklqana.
  5276 | D:6      | Found a snail-covered altar of Cheibriados.
  5418 | D:6      | Noticed Maggie
  5447 | D:6      | Killed Maggie
  5760 | D:6      | Reached skill level 8 in Short Blades
  5760 | D:6      | Reached XP level 9. HP: 64/69 MP: 9/9
  7241 | D:7      | Noticed a boulder beetle
  7283 | D:7      | Killed a boulder beetle
  7284 | D:7      | Reached skill level 9 in Short Blades
  7635 | D:7      | Found a transporter.
  7637 | D:7      | Noticed Grum
  7705 | D:7      | Identified the +1 scale mail of the Eight Boll Weevils
                  | {rPois Will- Int-5 Dex+9}
  7712 | D:7      | Found a transporter.
  7800 | D:8      | Killed from afar by an acid dragon

Illustrated notes

Levels and vault maps discovered:
D:1:      minmay_arrival_solitary_statue, layout_rooms
D:2:      layout_loops_cross, serial_bayou_crossing
D:3:      layout_basic, grunt_ministairs_15, bh_walls_and_bars
D:4:      layout_loops_ring, nemelex_xobeh_ov_fountains_minmay, temple_hall,
          uniq_menkaure, uniq_pikel
D:5:      layout_loops_ring, riverfiend_overflow_shadow_ancestor,
          mainiacjoe_overflow_alcove_1, nicolae_overflow_crystal_walls,
          gammafunk_temple_overflow_elements, serial_co_window_serial,
          co_window_corner_a, co_window_paths_a, co_window_cross_1,
          co_window_paths_a, co_window_paths_b, co_window_corner_a,
          co_window_of_opportunity_a, co_window_2corner, co_window_corner_b,
          co_window_2corner, co_window_2corner, co_window_of_opportunity_b,
          co_window_of_opportunity_b, glass_columns_c, glass_columns_b,
          glass_columns_a, glass_columns_c, glass_columns_c
D:6:      layout_basic, mainiacjoe_overflow_brackets, uniq_maggie
D:7:      layout_loops_ring, gammafunk_ghost_gnarly_gnolls, the_hattery
D:8:      hangedman_cross_veins, layout_loops_ring,
          grunt_temple_overflow_lords_of_destruction, uniq_erica
Temple:   nicolae_temple_figure_zero

Skill      XL: |  1  2  3  4  5  6  7  8  9 |
---------------+----------------------------+-----
Short Blades   | 2 5 6 8 9 |  9.6
Armour         | 3 4 5 6 |  6.7
Shields        | 3 4 |  4.0
Fighting       | 4 5 7 |  7.0

Action                   |  1- 3 |  4- 6 |  7- 9 || total
-------------------------+-------+-------+-------++-------
Melee: Rapier            |    89 |    58 |       ||   147
       Short sword       |       |    17 |   249 ||   266
       Dagger            |       |       |   232 ||   232
  Use: Scroll            |     5 |     1 |     7 ||    13
       Potion            |       |     3 |     1 ||     4
Armor: Scale mail        |    20 |       |       ||    20
       Ring mail         |    17 |    27 |   141 ||   185
Dodge: Dodged            |    37 |    27 |   150 ||   214
Block: Buckler           |    27 |    19 |   145 ||   191

Table legend: (Time is in decaauts)
 A = Elapsed time spent in this place.
 B = Non-inter-level travel time spent in this place.
 C = Inter-level travel time spent in this place.
 D = Time resting spent in this place.
 E = Time spent auto-exploring this place.
 F = Levels seen in this place.
 G = Mean time per level.
                   A        B        C        D        E       F      G
               +--------+--------+--------+--------+--------+-----+--------+
         Total |   7679 |   7360 |    319 |    648 |   5481 |   9 |  853.2 |
       Dungeon |   7549 |   7237 |    312 |    648 |   5369 |   8 |  943.6 |
        Temple |    129 |    122 |      7 |      0 |    112 |   1 |  129.0 |
               +--------+--------+--------+--------+--------+-----+--------+

Top non-repeatable levels by time:
     D:5: 1381 daAuts
     D:6: 1348 daAuts
     D:4: 1183 daAuts
     D:3: 1178 daAuts
     D:7: 979 daAuts
     D:2: 864 daAuts
     D:1: 587 daAuts
  Temple: 129 daAuts
     D:8: 26 daAuts
